AoeStats
← thenewt7

Arabia

510497024Analyzed
1v1 RM · 18h ago on Oct 1, 2026· 53m 44s· 2 players
Game mode
Random Map
Map size
Tiny (2 player)
Population
200
Speed
Normal
Resources
Standard
Victory
Conquest
Starting age
Dark Age
Ending age
Imperial Age
RankedLock teamsTeams togetherTeam positionsShared explorationLock speedFull tech treeHidden civsTurbo modeCheats
Victory
Defeat
🇪🇸 Malians · Spain
965
+16
🇺🇸 Danes · United States
955
-16
thenewt7
0:35 Loom
11:43 Feudal Age
12:13 Double-Bit Axe
12:16 Horse Collar
17:29 Forging
19:00 Bloodlines
18:58 Scale Barding Armor
22:31 Castle Age
20:53 Scale Mail Armor
22:10 Stone Mining
22:11 Gold Mining
26:06 Husbandry
38:11 Fletching
39:12 Bodkin Arrow
50:02 Iron Casting
PuzzLe
8:34 Loom
12:15 Feudal Age
13:39 Wheelbarrow
16:57 Castle Age
26:09 Pikeman
48:43 Imperial Age
49:31 Ballistics
52:37 Wheelbarrow
51:48 Town Watch
Connection lost

Rejoining the realm…

Still unreachable

The connection could not be restored.

Session expired

The server has moved on; the page needs a fresh start.